 Dungeon Crawl Stone Soup version 0.19.1-1-g22dce08 (webtiles) character file.

85 theAP the Skirmisher (level 4, 0/29 HPs)
             Began as a Gargoyle Fighter on Jan 2, 2017.
             Slain by Sigmund
             ... wielding a +0 scythe
              (3 damage)
             ... on level 3 of the Dungeon.
             The game lasted 00:03:34 (1253 turns).

theAP the Skirmisher (Gargoyle Fighter)             Turns: 1253, Time: 00:03:35

Health: 0/29       AC: 13    Str: 25    XL:     4   Next: 48%
Magic:  4/4        EV:  7    Int:  9    God:
Gold:   68         SH: 10    Dex:  9    Spells: 0 memorised, 3 levels left

rFire  + . .     SeeInvis .     a - +0 flail
rCold  . . .     Gourm    .     b - +0 scale mail
rNeg   + . .     Faith    +     c - +1 shield
rPois  ∞         Spirit   .     (no helmet)
rElec  +         Reflect  .     (no cloak)
rCorr  .         Harm     .     (no gloves)
MR     .....                    e - +2 pair of boots
Stlth  +.........               l - amulet of faith
                                g - ring of protection from fire
                                k - ring of stealth

@: mighty, exhausted, slowed, very slow
A: negative energy resistance 1, electricity resistance, unbreathing,
petrification resistance, rot immunity, AC +3
a: no special abilities


You were on level 3 of the Dungeon.
You were not hungry.

You visited 1 branch of the dungeon, and saw 3 of its levels.

You collected 68 gold pieces.

Inventory:

Hand Weapons
 a - a +0 flail (weapon)
Armour
 b - a +0 scale mail (worn)
 c - a +1 shield (worn)
 e - a +2 pair of boots (worn)
Jewellery
 g - a ring of protection from fire (right hand)
 k - a ring of stealth (left hand)
 l - an amulet of faith (around neck)
Scrolls
 m - a scroll of fog
 p - a scroll of blinking {unknown}
 q - 2 scrolls of teleportation
Potions
 d - 2 potions of might
 h - a potion of curing {unknown}
 i - a potion of degeneration {unknown}
 n - a potion of magic {unknown}
 o - a potion of ambrosia {unknown}
Comestibles
 f - 2 bread rations


   Skills:
 + Level 4.0 Fighting
 * Level 3.9 Maces & Flails
 - Level 3.3 Armour
 - Level 3.3 Shields


You had 3 spell levels left.
You didn't know any spells.

Dungeon Overview and Level Annotations

Branches:
Dungeon (3/15)

Altars:

Annotations:
D:3 Sigmund


Innate Abilities, Weirdness & Mutations

You are resistant to torment.
Your stone body is resilient. (AC +3)
You are immune to poison.
You resist negative energy. (rN+)
You are resistant to electric shocks. (rElec)
You can survive without breathing.
You are immune to petrification.
You are immune to rotting.


Message History

You closely miss something. Something hits you but does no damage.
Something hits you but does no damage. Something hits you but does no damage.
You miss something.
You feel less confused.
You hear some strange, mumbled words.
You are confused.
Something hits you.
You bump into the rock wall.
Something hits you but does no damage.
You closely miss something.
You hear some strange, mumbled words.
A magic dart appears from out of thin air!
The magic dart hits you!
You bump into the rock wall.
Something hits you.
* * * LOW HITPOINT WARNING * * *
You bump into the rock wall.
Something hits you.
* * * LOW HITPOINT WARNING * * *
You feel less confused. Something hits you.
You die...

#### .. ..# #.# #.#
#...##.#### #.......#
######## ####.##.#
#......#
#.####.##.###@####
#......##........#
#############{##.#.##
#.......# #.##.##.#
#.# # # #.# #.# #.#


There were no monsters in sight!

Vanquished Creatures
  4 adders
  2 dart slugs
  3 worms (D:2)
  A giant cockroach (D:2)
  11 goblins
  2 hobgoblins (D:1)
  4 kobolds
  3 bats (D:1)
  3 frilled lizards (D:1)
  8 rats
41 creatures vanquished.

Notes
Turn   | Place    | Note
-------+----------+-------------------------------------------
     0 | D:1      | theAP the Gargoyle Fighter began the quest for the Orb.
     0 | D:1      | Reached XP level 1. HP: 14/14 MP: 1/1
    54 | D:1      | Reached XP level 2. HP: 19/19 MP: 2/2
   371 | D:1      | Reached XP level 3. HP: 23/23 MP: 3/3
  1044 | D:3      | Reached XP level 4. HP: 29/29 MP: 4/4
  1124 | D:3      | Reached skill level 4 in Fighting
  1226 | D:3      | Noticed Sigmund
  1253 | D:3      | Slain by Sigmund

Skill      XL: |  1  2  3  4 |
---------------+-------------+-----
Maces & Flails | 3 |  3.9
Fighting       | 4 |  4.0
Armour         | |  3.3
Shields        | |  3.3

Action                   |  1- 3 |  4- 6 || total
-------------------------+-------+-------++-------
Melee: Flail             |   137 |    20 ||   157
  Use: Scroll            |     5 |       ||     5
       Potion            |       |     2 ||     2
  Eat: Chunk             |     1 |       ||     1
Armor: Scale mail        |    83 |    10 ||    93
Dodge: Dodged            |    40 |     3 ||    43
Block: Shield            |    84 |     4 ||    88
